 Dungeon Crawl Stone Soup version 0.20.1-1-g8b1a95d (webtiles) character file.

237 Iscandelvey the Purveyor of Pain (level 5, -1/35 HPs)
             Began as a Demonspawn Necromancer on Dec 10, 2017.
             Was an Initiate of Kikubaaqudgha.
             Killed by divine providence
             ... invoked by an orc priest
              (12 damage)
             ... on level 4 of the Dungeon.
             The game lasted 00:54:07 (3291 turns).

Iscandelvey the Purveyor of Pain (DsNe)             Turns: 3291, Time: 00:54:08

Health: -1/35      AC:  5    Str:  8    XL:     5   Next: 77%
Magic:  0/19       EV: 10    Int: 18    God:    Kikubaaqudgha [......]
Gold:   226        SH:  0    Dex: 13    Spells: 7/11 levels left

rFire    . . .     SeeInvis .   u - +3 falchion
rCold    . . .     Gourm    .   (no shield)
rNeg     . . .     Faith    .   C - +0 ring mail (curse)
rPois    .         Spirit   +   t - +0 hat {MR+}
rElec    .         Reflect  .   (no cloak)
rCorr    .         Harm     .   (no gloves)
MR       +....                  (no boots)
Stlth    +.........             (no amulet)
Regen    0.2/turn               A - ring of magical power
MPRegen  0.2/turn               (no ring)

@: very slightly contaminated
A: talons 1, magic shield
a: Renounce Religion


You were on level 4 of the Dungeon.
You worshipped Kikubaaqudgha.
Kikubaaqudgha was noncommittal.
You were hungry.

You visited 1 branch of the dungeon, and saw 4 of its levels.

You collected 226 gold pieces.

Inventory:

Hand Weapons
 u - a +3 falchion (weapon)
Missiles
 f - 7 tomahawks (quivered)
 q - 42 poisoned needles
 w - a throwing net
 x - 8 needles of confusion
Armour
 a - a +0 robe
 p - a +0 leather armour
 t - a +0 hat of magic resistance (worn)
 y - a +0 ring mail
 C - a cursed +0 ring mail (worn)
Jewellery
 e - an uncursed ring of ice
 A - a ring of magical power (left hand)
Scrolls
 g - 2 scrolls of amnesia {unknown}
 h - 2 scrolls of magic mapping {unknown}
 j - a scroll of enchant armour {unknown}
 l - 4 scrolls of identify
 n - a scroll of teleportation {unknown}
 o - 4 scrolls of remove curse
 r - a scroll of recharging {unknown}
 v - 3 scrolls of enchant weapon {unknown}
 D - a scroll of blinking {unknown}
Potions
 k - a potion of degeneration {unknown}
 m - a potion of mutation {unknown}
Books
 b - a book of Necromancy

   Spells                             Type                      Level
   a - Pain                           Necromancy                   1
   b - Animate Skeleton               Necromancy                   1
   c - Vampiric Draining              Necromancy                   3
   d - Regeneration                   Charms/Necromancy            3
   e - Animate Dead                   Necromancy                   4
   f - Control Undead                 Necromancy                   4
 i - a book of Necromancy

   Spells                             Type                      Level
   a - Pain                           Necromancy                   1
   b - Animate Skeleton               Necromancy                   1
   c - Vampiric Draining              Necromancy                   3
   d - Regeneration                   Charms/Necromancy            3
   e - Animate Dead                   Necromancy                   4
   f - Control Undead                 Necromancy                   4
Comestibles
 c - 4 bread rations
 d - a meat ration
 s - a chunk of flesh
 z - a royal jelly
 B - 2 fruits


   Skills:
 - Level 1.7 Dodging
 - Level 1.7 Stealth
 + Level 3.6 Spellcasting
 * Level 6.8 Necromancy


You had 7 spell levels left.
You knew the following spells:

 Your Spells              Type           Power        Failure   Level  Hunger
a - Pain                  Necr           ####         2%          1    None
b - Regeneration          Chrm/Necr      ###.......   34%         3    ###....


Dungeon Overview and Level Annotations

Branches:
Dungeon (4/15)
 Temple: D:4-7

Altars:
Fedhas
Hepliaklqana
Kikubaaqudgha
Ru
Vehumet
The Shining One


Innate Abilities, Weirdness & Mutations

You have sharp toenails.
When hurt, damage is shared between your health and your magic reserves.


Message History

You hit the orc priest but do no damage.
The orc priest is lightly wounded.
The orc priest hits you with a trident!
Casting: Pain
Confirm with . or Enter, or press ? or * to list all spells.
Aiming: Pain
Press: ? - help, Shift-Dir - straight line, f - orc priest
Aim: an orc priest, wielding a trident and wearing a leather armour (lightly wounded, chance to defeat MR: 84%)
The orc priest writhes in agony!
The orc priest miscasts a cantrip.
Casting: Pain
Confirm with . or Enter, or press ? or * to list all spells.
Aiming: Pain
Press: ? - help, Shift-Dir - straight line, f/p - orc priest
Aim: an orc priest, wielding a trident and wearing a leather armour (heavily wounded, chance to defeat MR: 84%)
The orc priest barely resists.
The orc priest invokes the aid of Beogh against you.
Beogh smites you!
You die...
Kikubaaqudgha rasps: "You have failed me!
Welcome... death!"

#. ##..#..... #.
###...#.##.. #.#
##.<.#.#.##..
#..#####...##........
#!......####........
#.....####.....###.
#................##
##o...##.........##
###@...##...........
#.....###.........##
###...# #.........##
#...# ####.#######
##### #.####>..
#.#....## #...####
#####


You could see an orc priest.

Vanquished Creatures
  A howler monkey (D:4)
  2 orc wizards
  4 gnolls (D:2)
  3 adders
  2 worms (D:2)
  2 dart slugs (D:1)
  2 leopard geckos
  7 giant cockroaches
  8 goblins
  8 hobgoblins
  3 jackals (D:1)
  A quokka (D:2)
  7 bats
  2 frilled lizards (D:1)
  8 kobolds (D:1)
  12 rats
72 creatures vanquished.

Notes
Turn   | Place    | Note
-------+----------+-------------------------------------------
     0 | D:1      | Iscandelvey the Demonspawn Necromancer began the quest for the Orb.
     0 | D:1      | Reached XP level 1. HP: 13/13 MP: 3/3
   179 | D:1      | Gained mutation: You have sharp toenails. [demonic ancestry]
   179 | D:1      | Reached XP level 2. HP: 3/19 MP: 3/5
   595 | D:1      | Reached skill level 5 in Necromancy
   756 | D:1      | Reached XP level 3. HP: 10/24 MP: 1/6
   984 | D:1      | Learned a level 3 spell: Regeneration
  1783 | D:2      | Found a blossoming altar of Fedhas.
  1783 | D:2      | Found a hazy altar of Hepliaklqana.
  1783 | D:2      | Found a radiant altar of Vehumet.
  1783 | D:2      | Found an ancient bone altar of Kikubaaqudgha.
  1848 | D:2      | Became a worshipper of Kikubaaqudgha
  1892 | D:2      | Found a glowing golden altar of the Shining One.
  1904 | D:2      | Gained mutation: When hurt, damage is shared between your health and your magic reserves. [demonic ancestry]
  1904 | D:2      | Reached XP level 4. HP: 27/30 MP: 8/8
  2286 | D:2      | Reached skill level 6 in Necromancy
  2493 | D:2      | Found a sacrificial altar of Ru.
  2806 | D:3      | Reached XP level 5. HP: 35/35 MP: 9/9
  2869 | D:3      | Found a faded altar of an unknown god.
  3291 | D:4      | Killed from afar by an orc priest

Skill      XL: |  1  2  3  4 |
---------------+-------------+-----
Necromancy     | 5 6 |  6.8
Spellcasting   | 3 |  3.6
Dodging        | |  1.7
Stealth        | |  1.7

Action                   |  1- 3 |  4- 6 || total
-------------------------+-------+-------++-------
Melee: Unarmed           |     1 |       ||     1
       Dagger            |    27 |       ||    27
       Short sword       |    19 |       ||    19
       Kick              |     8 |    11 ||    19
       Falchion          |     6 |    52 ||    58
Throw: Tomahawk          |    23 |     4 ||    27
 Cast: Pain              |    48 |    39 ||    87
       Regeneration      |     5 |     5 ||    10
  Use: Scroll            |       |     1 ||     1
 Stab: Sleeping          |     1 |       ||     1
  Eat: Chunk             |     4 |     5 ||     9
Armor: Leather armour    |     7 |     5 ||    12
       Robe              |     5 |       ||     5
       Ring mail         |       |    11 ||    11
Dodge: Dodged            |    37 |    34 ||    71
       Rpst.: Falchion   |     2 |     9 ||    11
